 Dungeon Crawl Stone Soup version 0.20.0-10-g0535bb4 (webtiles) character file.

151 nikopol the Firebug (level 5, -3/38 HPs)
             Began as a Hill Orc Fire Elementalist on June 4, 2017.
             Slain by a gnoll
             ... wielding a +3 whip
              (5 damage)
             ... on level 3 of the Dungeon.
             The game lasted 00:15:57 (3266 turns).

nikopol the Firebug (Hill Orc Fire Elementalist)    Turns: 3266, Time: 00:15:57

Health: -3/38      AC:  5    Str: 11    XL:     5   Next: 33%
Magic:  2/8        EV: 11    Int: 16    God:
Gold:   135        SH:  0    Dex: 11    Spells: 1/8 levels left

rFire    . . .     SeeInvis .   d - +0 hand axe
rCold    . . .     Gourm    .   (no shield)
rNeg     . . .     Faith    .   i - +0 leather armour
rPois    .         Spirit   .   (no helmet)
rElec    .         Reflect  .   l - +0 cloak
rCorr    .         Harm     .   v - +0 pair of gloves
MR       .....                  (no boots)
Stlth    +.........             (no amulet)
Regen    0.2/turn               (no ring)
MPRegen  0.2/turn               (no ring)

@: very slightly contaminated
A: no striking features
a: no special abilities


You were on level 3 of the Dungeon.
You were very hungry.

You visited 1 branch of the dungeon, and saw 3 of its levels.

You collected 135 gold pieces.

Inventory:

Hand Weapons
 d - a +0 hand axe (weapon)
Armour
 a - a +0 robe
 i - a +0 leather armour (worn)
 l - a +0 cloak (worn)
 v - a +0 pair of gloves (worn)
Scrolls
 g - 3 scrolls of teleportation {unknown}
 k - 4 scrolls of identify {unknown}
 m - 2 scrolls of recharging {unknown}
Potions
 e - a potion of lignification {unknown}
 f - a potion of magic {unknown}
 h - a potion of heal wounds {unknown}
 j - a potion of might {unknown}
 p - 2 potions of curing {unknown}
 s - a potion of berserk rage {unknown}
 t - a potion of degeneration {unknown}
Books
 b - a book of Flames

   Spells                             Type                      Level
   a - Flame Tongue                   Conjuration/Fire             1
   b - Throw Flame                    Conjuration/Fire             2
   c - Conjure Flame                  Conjuration/Fire             3
   d - Inner Flame                    Hexes/Fire                   3
   e - Sticky Flame                   Conjuration/Fire             4
   f - Fireball                       Conjuration/Fire             5
 q - a book of Frost

   Spells                             Type                      Level
   a - Freeze                         Ice                          1
   b - Throw Frost                    Conjuration/Ice              2
   c - Ozocubu's Armour               Charms/Ice                   3
   d - Throw Icicle                   Conjuration/Ice              4
   e - Summon Ice Beast               Ice/Summoning                4
Comestibles
 c - 5 bread rations
 n - 2 meat rations
 o - 5 fruits
 u - a royal jelly


   Skills:
 + Level 0.2 Fighting
 + Level 1.3 Axes
 * Level 2.5 Armour
 + Level 1.7 Dodging
 - Level 1.6 Stealth
 + Level 2.3 Spellcasting
 + Level 1.9 Conjurations
 + Level 4.2 Fire Magic


You had one spell level left.
You knew the following spells:

 Your Spells              Type           Power        Failure   Level  Hunger
a - Flame Tongue          Conj/Fire      ##...        8%          1    #......
b - Conjure Flame         Conj/Fire      ##......     22%         3    ###....
c - Ozocubu's Armour      Chrm/Ice       #.......     61%         3    ###....


Dungeon Overview and Level Annotations

Branches:
Dungeon (3/15)

Altars:
Sif Muna


Message History

Confirm with . or Enter, or press ? or * to list all spells.
Aiming: Conjure Flame
Press: ? - help, Dir - move target cursor, p - gnoll You miscast Conjure Flame.
Strange energies run through your body.
You are feeling very hungry.
The gnoll shaman calls upon its god to heal the gnoll.
The gnoll is healed somewhat.
The gnoll hits you with an enchanted whip!
The gnoll hits you with an enchanted whip.
* * * LOW HITPOINT WARNING * * *
The gnoll hits you with an enchanted whip.
* * * LOW HITPOINT WARNING * * *
The gnoll barely misses you. The gnoll barely misses you.
The gnoll hits you with an enchanted whip.
* * * LOW HITPOINT WARNING * * *
The gnoll shaman calls upon its god to heal the gnoll.
The gnoll is healed somewhat.
The gnoll hits you with an enchanted whip.
You die...

##### ...# #.###########
######...........#######
#...)......g####.......###
....#######....g@........#
#... #..#########.#.# ###
##.# ###..# #.#.# ##.## #.
#....# #.#.###...## #.#
#.##.# #.#.##.....# #.#
#.##.# #.#......<..
#.######.##.# #.####.....#
##...........# #.# ##...##
...######.#### #.######.##


You could see a gnoll shaman and a gnoll.

Vanquished Creatures
  Jessica (D:2)
  5 adders
  2 oozes
  3 worms
  2 dart slugs
  3 leopard geckos
  3 orcs (D:3)
  2 ball pythons (D:3)
  2 giant cockroaches
  7 goblins
  7 hobgoblins
  A jackal (D:1)
  2 quokkas
  5 bats
  4 frilled lizards
  4 kobolds
  4 rats
57 creatures vanquished.

Vanquished Creatures (others)
  A ghoul (D:1)
  A minotaur (D:1)
  2 octopodes (D:1)
  A vine stalker (D:1)
  A vampire (D:1)
  2 humans (D:1)
  An ogre (D:1)
  A centaur (D:1)
  2 mummies (D:1)
  4 tentacles (D:1)
16 creatures vanquished.

Grand Total: 73 creatures vanquished

Notes
Turn   | Place    | Note
-------+----------+-------------------------------------------
     0 | D:1      | nikopol the Hill Orc Fire Elementalist began the quest for the Orb.
     0 | D:1      | Reached XP level 1. HP: 14/14 MP: 3/3
     0 | D:1      | Noticed an octopode
     0 | D:1      | Noticed a minotaur
     0 | D:1      | Noticed an octopode
     0 | D:1      | Noticed a centaur
     0 | D:1      | Noticed a human
     0 | D:1      | Noticed a kraken
     0 | D:1      | Noticed a vine stalker
     0 | D:1      | Noticed an ogre
     0 | D:1      | Noticed a ghoul
     0 | D:1      | Noticed a human
     0 | D:1      | Noticed a vampire
     6 | D:1      | Killed a ghoul
     7 | D:1      | Killed a human
     8 | D:1      | Killed an octopode
     9 | D:1      | Killed an ogre
     9 | D:1      | Killed a vine stalker
    11 | D:1      | Killed an octopode
    11 | D:1      | Killed a human
    11 | D:1      | Killed a centaur
    11 | D:1      | Killed a vampire
    11 | D:1      | Killed a minotaur
   290 | D:1      | Reached XP level 2. HP: 20/20 MP: 1/4
  1223 | D:1      | Reached skill level 4 in Fire Magic
  1285 | D:1      | Reached XP level 3. HP: 5/26 MP: 0/5
  1646 | D:2      | Reached skill level 1 in Armour
  1790 | D:2      | Reached XP level 4. HP: 32/33 MP: 1/6
  2006 | D:2      | Noticed Jessica
  2105 | D:2      | Killed Jessica
  2105 | D:2      | Reached skill level 1 in Axes
  2281 | D:2      | Found a deep blue altar of Sif Muna.
  2430 | D:3      | Reached XP level 5. HP: 32/38 MP: 0/8
  2928 | D:3      | Learned a level 3 spell: Conjure Flame
  2932 | D:3      | Learned a level 3 spell: Ozocubu's Armour
  3266 | D:3      | Slain by a gnoll

Skill      XL: |  1  2  3  4 |
---------------+-------------+-----
Fire Magic     | 4 |  4.2
Armour         | 1 2 |  2.5
Spellcasting   | 2 |  2.3
Axes           | 1 |  1.3
Fighting       | |  0.2
Dodging        | |  1.7
Stealth        | |  1.6
Conjurations   | |  1.9

Action                   |  1- 3 |  4- 6 || total
-------------------------+-------+-------++-------
Melee: Hand axe          |    23 |    19 ||    42
 Cast: Flame Tongue      |    48 |    66 ||   114
       Conjure Flame     |       |     2 ||     2
  Eat: Fruit             |     1 |       ||     1
       Chunk             |     3 |     5 ||     8
Armor: Leather armour    |    10 |     9 ||    19
Dodge: Dodged            |    16 |    25 ||    41
